 Dungeon Crawl Stone Soup version 0.21-a0-522-ga8338f0 (webtiles) character file.

2779 dvd the Slasher (level 9, 0/46 HPs)
             Began as a Vine Stalker Gladiator on Dec 6, 2017.
             Was an Initiate of Okawaru.
             Slain by a wolf (2 damage)
             ... led by Grum
             ... on level 7 of the Dungeon.
             The game lasted 00:24:20 (6752 turns).

dvd the Slasher (Vine Stalker Gladiator)            Turns: 6752, Time: 00:24:20

Health: 0/46       AC: 13    Str: 18    XL:     9   Next: 70%
Magic:  0/16       EV: 14    Int: 10    God:    Okawaru [......]
Gold:   479        SH:  0    Dex: 16    Spells: 13/16 levels left

rFire    . . .     SeeInvis +   a - +3 falchion (protect)
rCold    + . .     Gourm    .   (no shield)
rNeg     . . .     Faith    .   q - +1 leather armour {rC+}
rPois    .         Spirit   +   i - +0 helmet
rElec    .         Reflect  .   (no cloak)
rCorr    .         Harm     .   w - +0 pair of gloves
MR       +....                  (no boots)
Stlth    ++........             (no amulet)
HPRegen  0.55/turn              (no ring)
MPRegen  0.15/turn              H - ring of see invisible

@: protection aura
A: fangs 3, regeneration 1, magic shield, antimagic bite, no potion heal 3, rot
immunity
a: Renounce Religion


You were on level 7 of the Dungeon.
You worshipped Okawaru.
Okawaru was noncommittal.
You were not hungry.

You visited 2 branches of the dungeon, and saw 9 of its levels.

You collected 479 gold pieces.

Inventory:

Hand Weapons
 a - a +3 falchion of protection (weapon)
 b - a +2 short sword of holy wrath
 c - a +6 scythe of venom
 l - a +1 whip of flaming
 n - a +0 flail of crushing
 u - a +0 war axe
 z - a +0 long sword
 D - a +1 dagger of holy wrath
 M - a +5 falchion
 N - a +2 war axe
Missiles
 r - 3 throwing nets (quivered)
Armour
 i - a +0 helmet (worn)
 q - a +1 leather armour of cold resistance (worn)
 w - a +0 pair of gloves (worn)
 A - a +0 hat
 E - a +0 buckler
Jewellery
 H - a ring of see invisible (right hand)
Wands
 J - a wand of random effects (38)
 K - a wand of polymorph (13)
 L - a wand of flame (36)
Scrolls
 d - 4 scrolls of blinking
 v - 4 scrolls of identify
 y - 2 scrolls of teleportation
 F - a scroll of fear
 I - 2 scrolls of amnesia
 O - a scroll of summoning {unknown}
 P - a scroll of enchant armour
Potions
 e - 2 potions of brilliance {unknown}
 g - 2 potions of curing {unknown}
 h - a potion of heal wounds {unknown}
 j - 3 potions of lignification {unknown}
 o - 2 potions of agility {unknown}
 p - a potion of flight {unknown}
 t - a potion of ambrosia
 x - a potion of berserk rage {unknown}
 B - 3 potions of haste {unknown}
 G - 3 potions of might {unknown}
Books
 C - a book of Minor Magic

   Spells                             Type                      Level
   a - Magic Dart                     Conjuration                  1
   b - Blink                          Translocation                2
   c - Call Imp                       Summoning                    2
   d - Slow                           Hexes                        2
   e - Conjure Flame                  Conjuration/Fire             3
   f - Mephitic Cloud                 Conjuration/Poison/Air       3
Comestibles
 f - 6 bread rations
 k - 3 meat rations
 m - 6 fruits
 s - 3 royal jellies
 Q - 2 chunks of flesh


   Skills:
 + Level 4.7 Fighting
 + Level 1.7(4.7) Short Blades
 + Level 7.0(7.1) Long Blades
 + Level 1.3 Polearms
 + Level 2.0 Throwing
 + Level 3.9 Armour
 + Level 4.2 Dodging
 + Level 3.5 Stealth
 + Level 0.6 Shields
 + Level 4.0 Spellcasting
 + Level 3.6 Conjurations


You had 13 spell levels left.
You knew the following spells:

 Your Spells              Type           Power        Failure   Level  Hunger
a - Magic Dart            Conj           #...         7%          1    #......
b - Blink                 Tloc           N/A          41%         2    ##.....


Dungeon Overview and Level Annotations

Branches:
Dungeon (8/15)             Temple (1/1) D:7
   Lair: D:8-11

Altars:
Cheibriados
Dithmenos
Elyvilon
Fedhas
Gozag
Hepliaklqana
Makhleb
Okawaru
Qazlal
Ru
Sif Muna
Trog
Vehumet
Wu Jian
Xom
Yredelemnul
Zin
The Shining One

Annotations:
D:8 Gastronok, Grum


Innate Abilities, Weirdness & Mutations

You have razor-sharp teeth.
Your natural rate of healing is unusually fast.
When hurt, damage is shared between your health and your magic reserves.
Your bite disrupts and absorbs the magic of your enemies.
Potions cannot restore your health.
You are immune to rotting.


Message History

Unknown command.
You hit the wolf. You bite the wolf, but do no damage.
The wolf is lightly wounded.
The wolf closely misses you.
You riposte.
You miss the wolf. You bite the wolf. You drain its power.
You feel invigorated.
The wolf is moderately wounded.
You barely miss the wolf. You bite the wolf. You drain its power.
You feel invigorated.
The wolf is heavily wounded.
The wolf bites you!
* * * LOW HITPOINT WARNING * * *
The wolf bites you.
* * * LOW HITPOINT WARNING * * *
You hit the wolf but do no damage. Your bite misses the wolf.
The wolf is heavily wounded.
The wolf completely misses you. The wolf closely misses you.
You hit the wolf.
The wolf is severely wounded.
The wolf closely misses you. The wolf bites you.
You die...

########.###########.......#
......##.# #######.#
#####.##.# #.# #.##.#
##############.#
#.##.####............<.##
#..>.....(############..#
#####.##### #..#
######.########## ##..#
####............@hh# #...#
...........#######># #...#
#########..#
##.######...##### #..#
#................
#..######..##..........##
###...........#....^.....#
#.....#####...#.###...####
#.....#####...#.###...#
#.........#...#..##...#


You could see 2 wolves.

Vanquished Creatures
  The ghost of Daviar the Sneak, a novice OpMo (D:4)
  A hippogriff (D:7)
  Sigmund (D:6)
  2 sky beasts
  A phantom (D:6)
  5 ogres
  3 centaurs
  A crocodile (D:8)
  4 bullfrogs
  A scorpion (D:5)
  4 wights (D:7)
  2 howler monkeys (D:5)
  3 crimson imps
  A hound (D:8)
  3 orc priests
  A gnoll shaman (D:6)
  A bullfrog zombie (D:8)
  An orc wizard (D:6)
  2 worker ants
  A hound skeleton (D:6)
  5 gnolls
  6 adders
  A shadow imp (D:4)
  2 oozes
  2 adder skeletons
  3 worms
  2 dart slugs
  3 leopard geckos
  22 orcs
  4 giant cockroaches
  3 hobgoblins
  12 jackals
  8 kobolds
  8 quokkas
  3 ball pythons
  6 bats
  12 frilled lizards
  10 goblins
  11 rats
  A bush (D:2)
163 creatures vanquished.

Notes
Turn   | Place    | Note
-------+----------+-------------------------------------------
     0 | D:1      | dvd the Vine Stalker Gladiator began the quest for the Orb.
     0 | D:1      | Reached XP level 1. HP: 11/11 MP: 2/2
   114 | D:1      | Reached XP level 2. HP: 15/15 MP: 3/3
   239 | D:1      | Reached skill level 3 in Long Blades
   337 | D:1      | Reached XP level 3. HP: 17/18 MP: 4/4
  1221 | D:2      | Gained mutation: Your natural rate of healing is unusually fast. [Vine Stalker growth]
  1221 | D:2      | Reached XP level 4. HP: 23/23 MP: 5/5
  1241 | D:2      | Reached skill level 1 in Stealth
  1857 | D:3      | Reached skill level 1 in Armour
  1857 | D:3      | Reached XP level 5. HP: 27/27 MP: 4/6
  2136 | D:3      | Found a blossoming altar of Fedhas.
  2172 | D:3      | Found a shimmering altar of Xom.
  2188 | D:3      | Learned a level 1 spell: Magic Dart
  2191 | D:3      | Learned a level 2 spell: Blink
  2420 | D:4      | Noticed Daviar's ghost (novice OpMo)
  2483 | D:4      | Reached skill level 4 in Long Blades
  2529 | D:4      | Noticed an ogre
  2549 | D:4      | Killed an ogre
  2549 | D:4      | Reached XP level 6. HP: 20/32 MP: 4/7
  2854 | D:4      | Found a shadowy altar of Dithmenos.
  3118 | D:4      | Killed Daviar's ghost
  3118 | D:4      | Reached skill level 1 in Spellcasting
  3118 | D:4      | Reached skill level 1 in Conjurations
  3118 | D:4      | Reached XP level 7. HP: 29/36 MP: 5/10
  3358 | D:5      | Entered Level 5 of the Dungeon
  3362 | D:5      | Found an opulent altar of Gozag.
  3488 | D:5      | Reached skill level 5 in Long Blades
  3613 | D:5      | Found a bloodstained altar of Trog.
  3830 | D:5      | Gained mutation: You have razor-sharp teeth. [Vine Stalker growth]
  3830 | D:5      | Reached XP level 8. HP: 40/40 MP: 8/11
  4051 | D:5      | Found a glowing silver altar of Zin.
  4487 | D:6      | Reached skill level 1 in Short Blades
  4578 | D:6      | Found a shadowy altar of Dithmenos.
  4595 | D:6      | Reached skill level 6 in Long Blades
  4661 | D:6      | Noticed Sigmund
  5108 | D:6      | Killed Sigmund
  5275 | D:6      | Reached XP level 9. HP: 38/45 MP: 15/15
  5668 | D:7      | Found a staircase to the Ecumenical Temple.
  5677 | Temple   | Entered the Ecumenical Temple
  5944 | Temple   | Became a worshipper of Warmaster Okawaru
  6562 | D:8      | Reached skill level 7 in Long Blades
  6566 | D:8      | Reached skill level 1 in Polearms
  6682 | D:8      | Noticed Gastronok
  6725 | D:8      | Noticed Grum
  6750 | D:7      | HP: 2/46 [wolf[Grum] (3)]
  6752 | D:7      | Slain by a wolf

Vault maps used:
D:1:      mainiacjoe_arrival_reflecting_pool, minmay_misc_feat_doors
D:2:      first_bread, serial_forest, infiniplex_forest_end_3,
          infiniplex_forest_lined_room_, infiniplex_forest_clump_tiny,
          infiniplex_forest_clump_diagonal, infiniplex_forest_clump_cross,
          infiniplex_forest_lined_2, infiniplex_forest_end_1
D:3:      cheibrodos_helix_gallery, tgw_xom, fedhas_altar_1, serial_park_tiny_1
D:4:      cheibrodos_old_hovel, grunt_dithmenos_shadows
D:5:      nicolae_gozag_cash_rules_everything_around_me, bloody_trog,
          zin_statuary, serial_co_window_serial, co_window_of_opportunity_a,
          co_window_corner_a, co_window_corner_a, co_window_cross_1,
          co_window_paths_b, co_window_cross_1, co_window_corner_a,
          co_window_unsneaky_path_a, co_window_of_opportunity_c,
          co_window_2corner, co_window_broadway_a, co_window_unsneaky_path_c,
          co_window_corner_b, glass_columns_a, glass_columns_b, glass_columns_b,
          hangedman_abyss_or_decor_stagger, grunt_ministairs_9
D:6:      old_standard_altar, uniq_sigmund
D:7:      temple_fountains
D:8:      lemuel_zombie_altar_kikubaaqudgha, nemelex_xobeh_ov_fountains_minmay,
          nicolae_overflow_crystal_walls, uniq_psyche, uniq_prince_ribbit1,
          uniq_gastronok, uniq_joseph, uniq_grum
Temple:   hc_temple_tempest_star

Skill      XL: |  1  2  3  4  5  6  7  8  9 |
---------------+----------------------------+-----
Long Blades    | 3 4 5 6 7 |  7.0
Fighting       | 2 3 4 |  4.7
Stealth        | 1 2 3 |  3.5
Armour         | 1 2 3 |  3.9
Throwing       | 2 |  2.0
Dodging        | 3 4 |  4.2
Spellcasting   | 1 3 4 |  4.0
Conjurations   | 1 3 |  3.6
Short Blades   | 1 |  1.7
Polearms       | 1 |  1.3
Shields        | |  0.6

Action                   |  1- 3 |  4- 6 |  7- 9 || total
-------------------------+-------+-------+-------++-------
Melee: Long sword        |    83 |   191 |    26 ||   300
       Bite              |    23 |    96 |    93 ||   212
       Short sword       |       |    18 |    24 ||    42
       Falchion          |       |       |   152 ||   152
       Scythe            |       |       |    30 ||    30
Throw: Throwing net      |       |     3 |       ||     3
 Cast: Magic Dart        |       |    16 |    71 ||    87
  Use: Scroll            |       |     8 |     2 ||    10
 Stab: Sleeping          |     5 |     2 |     3 ||    10
  Eat: Chunk             |     1 |     8 |    13 ||    22
       Fruit             |       |       |     1 ||     1
Armor: Leather armour    |    24 |    36 |    71 ||   131
Dodge: Dodged            |    60 |    89 |   165 ||   314
Block: Buckler           |       |       |    12 ||    12
       Rpst.: Long sword |    24 |    22 |     6 ||    52
       Falchion          |       |       |    33 ||    33

Table legend:
 A = Spawn XP
 B = Non-spawn XP
 C = Spawn XP percentage of total XP
 D = Spawn monster count
 E = Non-spawn monster count
 F = Spawn count percentage of total count
 G = Total turns spent on level
                    A         B        C        D         E        F      G
               +---------+---------+-------+---------+---------+-------+---------
         Total |       0 |    3970 |   0.0 |       0 |     162 |   0.0 |  6752
               +---------+---------+-------+---------+---------+-------+---------
           D:1 |       0 |      45 |   0.0 |       0 |      24 |   0.0 |   737
           D:2 |       0 |      60 |   0.0 |       0 |      28 |   0.0 |   986
           D:3 |       0 |     180 |   0.0 |       0 |      28 |   0.0 |   936
           D:4 |       0 |     559 |   0.0 |       0 |      19 |   0.0 |   699
           D:5 |       0 |     385 |   0.0 |       0 |      16 |   0.0 |  1209
           D:6 |       0 |    1331 |   0.0 |       0 |      27 |   0.0 |  1014
           D:7 |       0 |     879 |   0.0 |       0 |      13 |   0.0 |   707
           D:8 |       0 |     531 |   0.0 |       0 |       7 |   0.0 |   187
               +---------+---------+-------+---------+---------+-------+---------
